 Seeded DCSS version 0.30-a0-170-g85af917532 (webtiles) character file.

Game seed: 69420 (custom seed)

24 Nerdsrcool the Conjurer (level 3, 0/25 HPs)
             Began as a Human Conjurer on Sept 30, 2022.
             Slain by a shadow imp (2 damage)
             ... summoned by Natasha
             ... on level 2 of the Dungeon.
             The game lasted 00:12:59 (886 turns).

Nerdsrcool the Conjurer (Human Conjurer)             Turns: 886, Time: 00:13:00

Health: 0/25       AC:  2    Str:  9    XL:     3   Next: 15%
Magic:  5/6        EV: 12    Int: 18    God:
Gold:   10         SH:  0    Dex: 11    Spells: 5/6 levels left

rFire   . . .      SeeInvis .    h - +0 mace
rCold   . . .      Faith    .    (no shield)
rNeg    . . .      Spirit   .    a - +0 robe
rPois   .          Reflect  .    (no helmet)
rElec   .          Harm     .    (no cloak)
rCorr   .          Rampage  .    (no gloves)
Will    .....                    (no boots)
Stlth   ++........               (no amulet)
HPRegen 0.08/turn                (no ring)
MPRegen 0.10/turn                (no ring)

@: slowed, very slow
A: no striking features
a: no special abilities


You were on level 2 of the Dungeon.
You visited 1 branch of the dungeon, and saw 2 of its levels.

You collected 10 gold pieces.

Inventory:

Hand Weapons
 d - a +0 short sword
 e - a +0 club
 f - a +0 dagger
 h - a +0 mace (weapon)
 j - a +0 dagger
 k - a +0 dagger
 o - a +0 whip
 p - a +0 club
 q - a +0 dagger
 s - a +0 dagger
 u - the +3 dagger "Xiosch" {venom, Will+}
   (You found it on level 2 of the Dungeon)

   It poisons the flesh of those it strikes.
   Will:      It increases your willpower.
Missiles
 c - 11 stones
 r - 4 boomerangs
Armour
 a - a +0 robe (worn)
Scrolls
 i - a scroll of silence {unknown}
 n - 2 scrolls of teleportation {unknown}
 t - 3 scrolls of immolation {unknown}
Potions
 b - a potion of magic
 g - a potion of invisibility {unknown}
 l - a potion of degeneration {unknown}
 m - a potion of lignification {unknown}


   Skills:
 + Level 0.4 Fighting
 + Level 0.2 Maces & Flails
 + Level 2.2 Dodging
 + Level 2.1 Stealth
 + Level 2.2 Spellcasting
 + Level 4.4 Conjurations


You had 5 spell levels left.
You knew the following spells:

 Your Spells              Type           Power      Damage    Failure   Level
a - Magic Dart            Conj           68%        1d6       3%          1

Your spell library contained the following spells:

 Spells                   Type           Power      Damage    Failure   Level
 Searing Ray              Conj           34%        2d5       4%          2
 Dazzling Flash           Conj/Hex       18%        N/A       22%         3
 Fulminant Prism          Conj/Hex       4%         3d6       56%         4
 Iskenderun's Mystic Bla  Conj/Tloc      9%         2d4       56%         4


Dungeon Overview and Level Annotations

Branches:
Dungeon (2/15)

Altars:

Shops:
D:1 !   D:2 ?

Annotations:
D:2 Natasha


Message History

Found Ynoor's Magic Scroll Shop.
You see here the +3 dagger "Xiosch" {venom, Will+}.
Natasha hisses angrily.
Natasha zaps a wand.
The roots erupt in riotous growth!
The grasping roots grab you! The grasping roots constrict you.
You hear a shout!
You see here the +3 dagger "Xiosch" {venom, Will+}.
u - the +3 dagger "Xiosch" {venom, Will+} The grasping roots constrict you.
You escape the roots grasp.
Natasha stares at you and mumbles some strange words.
You feel yourself slow down.
Aiming: Magic Dart (safe; 3% risk of failure)
Press: ? - help, Q - select action, (/) - cycle Shift-Dir - straight line, f - Natasha
Aim: Natasha, carrying a wand of roots (4) (100% to hit)
The magic dart hits Natasha.
Natasha is moderately wounded.
Natasha stares at you and mumbles some strange words.
You feel as though you will be slow longer.
Natasha mumbles some strange words.
You sock Natasha!
Natasha is severely wounded.
Natasha casts a spell.
The crimson imp spits at you.
The crimson imp hits you but does no damage.
Natasha stares at you and mumbles some strange words.
The magic dart hits you. The crimson imp hits you.
Unknown command.
You closely miss Natasha.
Natasha is severely wounded.
Natasha mumbles some strange words.
The crimson imp hits you.
Natasha drinks a potion.
Natasha seems to grow stronger.
The crimson imp blinks!
You barely miss the shadow imp.
Natasha stares at you and mumbles some strange words.
The magic dart hits you!
* * * LOW HITPOINT WARNING * * *
The shadow imp hits you.
You die...

##### ###...# ...#.
#...######## #.#........
#....###### #
##.......... ..#.
#######...@.......
...#.##........5h#..#...
#....................#.#
##.#..........5##.#.5.∩.
#..............# .#..#.#
..........†....# .#.#...
...............# .. ..
.......<...........
...#........####...


You could see Natasha (strong), 2 crimson imps and a shadow imp (summoned).

Vanquished Creatures
  3 ball pythons (D:1)
  2 endoplasms
  5 goblins
  4 hobgoblins
  A quokka (D:1)
  2 bats (D:1)
  2 frilled lizards (D:1)
  2 kobolds (D:1)
21 creatures vanquished.

Notes
Turn   | Place    | Note
-------+----------+-------------------------------------------
     0 | D:1      | Nerdsrcool the Human Conjurer began the quest for the Orb.
     0 | D:1      | Reached XP level 1. HP: 13/13 MP: 3/3
   444 | D:1      | Found Gynuaniv's Distillery.
   457 | D:1      | Reached XP level 2. HP: 19/19 MP: 3/5
   838 | D:1      | Reached XP level 3. HP: 24/24 MP: 2/6
   874 | D:2      | Noticed Natasha
   875 | D:2      | Found Ynoor's Magic Scroll Shop.
   877 | D:2      | Identified the +3 dagger "Xiosch" {venom, Will+}
   886 | D:2      | Slain by a shadow imp

Illustrated notes

Levels and vault maps discovered:
D:1:      dpeg_arrival_rhombi, layout_basic, dreamdust_ecumenical_altar_statues,
          serial_shops, nicolae_shop_stone, chequers_hall_statues_wall_a,
          st_stairs_4
D:2:      layout_loops_ring, serial_shops, nicolae_shop_advertising_works
          [nicolae_subvault_shop_adworks], uniq_natasha

Action                   || total
-------------------------++-------
Melee: Short sword       ||     6
       Mace              ||    35
 Cast: Magic Dart        ||    18
Armor: Robe              ||    14
Dodge: Dodged            ||    38

Table legend: (Time is in decaauts)
 A = Elapsed time spent in this place.
 B = Non-inter-level travel time spent in this place.
 C = Inter-level travel time spent in this place.
 D = Time resting spent in this place.
 E = Time spent auto-exploring this place.
 F = Levels seen in this place.
 G = Mean time per level.
                   A        B        C        D        E       F      G
               +--------+--------+--------+--------+--------+-----+--------+
         Total |    900 |    900 |      0 |    330 |    236 |   2 |  450.0 |
       Dungeon |    900 |    900 |      0 |    330 |    236 |   2 |  450.0 |
               +--------+--------+--------+--------+--------+-----+--------+

Top non-repeatable levels by time:
     D:1: 854 daAuts
     D:2: 46 daAuts
